Map: Blackburn LE

Players

Denver

  • Race: Zerg Zerg

PtitDrogo - Winner!

  • Race: Protoss Protoss

Event: DreamHack SC2 Masters 2021 Winter

VOD

Have the link to the VOD?

Description

Time

  • Played on: Sept. 29, 2021, 12:45 p.m.
  • Length: 11:27

All games in this series

Show
View Real Time Build Order
Export as new Build Order

Denver Zerg 

Build Orders: Hatch First 

Get SALT Encoding   

  12  0:00  Drone  
  13  0:12  Overlord  
  13  0:16  Drone  
  14  0:30  Drone x2  
  16  0:48  Hatchery  
  15  0:53  Drone  
  15  0:56  Drone  
  17  1:00  Drone  
  18  1:10  Extractor  
  17  1:16  Spawning Pool  
  16  1:19  Drone  
  16  1:22  Drone  
  18  1:27  Drone  
  19  1:38  Drone  
  20  1:49  Overlord  
  20  2:02  Queen x2  
  20  2:03  Zergling x4  
  26  2:10  Metabolic Boost  
  26  2:14  Drone  
  27  2:17  Drone  
  27  2:21  Drone  
  30  2:22  Drone  
  30  2:39  Hatchery  
  29  2:45  Queen  
  29  2:50  Overlord  
  30  2:53  Zergling x2  
  30  2:56  Drone  
  30  2:58  Drone  
  33  3:01  Zergling x2  
  33  3:03  Zergling x2  
  35  3:12  Drone x4  
  39  3:14  Drone  
  40  3:23  Evolution Chamber  
  38  3:28  Drone  
  38  3:29  Drone x3  
  38  3:32  Spore Crawler  
  42  3:34  Overlord  
  42  3:44  Overlord  
  42  3:46  Drone  
  43  3:49  Drone  
  43  3:50  Queen  
  43  3:53  Drone  
  43  3:54  Drone x3  
  49  3:59  Spore Crawler  
  49  4:01  Drone  
  50  4:02  Drone  
  50  4:07  Spore Crawler  
  50  4:08  Drone  
  50  4:09  Drone  
  51  4:10  Drone  
  51  4:13  Zergling x4  
  51  4:15  Zergling x2  
  55  4:20  Queen  
  57  4:24  Zergling x2  
  57  4:27  Overlord  
  57  4:30  Drone  
  57  4:31  Drone x2  
  61  4:35  Spore Crawler  
  61  4:37  Drone  
  61  4:38  Drone x3  
  63  4:42  Lair  
  62  4:47  Drone x4  
  66  4:54  Roach Warren  
  66  4:56  Drone, Overlord  
  65  5:05  Drone  
  65  5:06  Overlord  
  64  5:09  Drone x2  
  64  5:11  Overlord  
  64  5:12  Extractor  
  64  5:14  Overlord, Extractor  
  62  5:16  Drone x3  
  62  5:17  Drone x2  
  62  5:18  Drone  
  62  5:21  Drone x3  
  69  5:22  Drone  
  69  5:24  Extractor  
  69  5:27  Queen  
  71  5:41  Drone x11  
  77  5:45  Glial Reconstitution  
  77  5:48  Extractor x2  
  77  5:49  Evolution Chamber  
  73  5:51  Drone x5  
  78  5:57  Drone x3  
  78  6:03  Baneling Nest  
  80  6:05  Hatchery  
  80  6:09  Drone  
  80  6:10  Drone x2  
  82  6:14  Zerg Missile Weapons Level 1  
  82  6:16  Overlord  
  82  6:17  Overseer  
  82  6:19  Overlord  
  82  6:20  Overlord  
  82  6:26  Drone x2  
  82  6:27  Drone  
  82  6:28  Roach  
  82  6:29  Roach x2  
  82  6:32  Overlord  
  89  6:33  Roach  
  89  6:34  Roach  
  93  6:41  Roach  
  93  6:42  Roach x2  
  93  6:45  Overlord  
  101  6:47  Roach x3  
  101  6:53  Roach x4  
  113  6:56  Overlord  
  113  6:57  Ravager x4  
  113  6:58  Ravager  
  113  7:00  Centrifugal Hooks  
  118  7:04  Zergling x4  
  118  7:05  Zergling x4  
  118  7:06  Roach  
  124  7:10  Roach  
  124  7:12  Overlord  
  126  7:17  Roach x5  
  126  7:19  Overlord  
  136  7:26  Overlord  
  128  7:31  Roach x7  
  134  7:39  Roach  
  134  7:40  Roach x3  
  148  7:44  Zergling x2, Roach x3  
  148  7:50  Roach x3  
  155  7:53  Overlord  
  155  7:58  Ravager, Spore Crawler  
  155  7:59  Ravager x2  
  155  8:04  Zergling x6  
  155  8:05  Zergling x6  
  159  8:10  Overlord  
  159  8:11  Zergling x2  
  159  8:12  Zergling x4  
  162  8:16  Baneling x7  
  162  8:17  Zergling x8  
  166  8:22  Zergling x2  
  166  8:23  Zergling x8  
  166  8:24  Ravager  
  166  8:26  Ravager x3, Overlord  
  175  8:27  Overlord  
  175  8:34  Zergling x14  
  177  8:36  Baneling x5  
  165  8:45  Zergling x2  
  165  8:46  Zergling x12  
  154  8:52  Roach x5  
  146  8:58  Roach  
  146  8:59  Zergling x2, Roach x4  
  146  9:02  Zerg Missile Weapons Level 2  
  157  9:09  Zergling x2  
  158  9:10  Zergling x8  
  158  9:13  Ravager x5  
  167  9:17  Zergling x2  
  167  9:18  Zergling x8  
  167  9:23  Zergling x10  
  177  9:24  Baneling x7  
  177  9:28  Zergling x4  
  177  9:29  Baneling x3  
  179  9:34  Zergling x4  
  176  9:44  Zergling x14  
  169  9:50  Zergling x4  
  127  9:56  Infestation Pit  
  127  9:57  Drone x8  
  129  10:00  Roach  
  129  10:01  Hatchery  
  129  10:04  Roach  
  121  10:07  Roach x4  
  121  10:12  Roach x3  
  121  10:13  Roach x2  
  136  10:17  Extractor x2  
  136  10:19  Roach x2  
  137  10:22  Roach x4  
  137  10:27  Roach x2  
  149  10:31  Ravager x6  
  155  10:36  Zergling x8  
  155  10:41  Overlord  
  159  10:43  Zergling x6  
  159  10:47  Overlord  
  159  10:51  Zergling x8  
  159  10:53  Overlord  
  159  10:55  Drone  
  152  10:59  Drone x2  
  153  11:05  Drone x4  
  156  11:11  Drone x2  
  156  11:12  Drone x4  
  156  11:14  Spire  
Show
View Real Time Build Order
Export as new Build Order

PtitDrogo Protoss - Winner!

Build Orders: 1 Gate Expand, Oracle Opening 

Get SALT Encoding   

  12  0:00  Probe  
  13  0:12  Probe  
  14  0:19  Pylon  
  14  0:24  Probe  
  15  0:38  Probe (Chrono Boost)  
  15  0:41  Gateway  
  16  0:48  Probe (Chrono Boost)  
  17  0:50  Assimilator  
  17  0:53  Probe (Chrono Boost)  
  19  1:04  Probe  
  19  1:16  Probe  
  20  1:27  Nexus  
  20  1:38  Cybernetics Core  
  20  1:41  Probe  
  21  1:48  Assimilator  
  21  1:53  Probe  
  22  1:56  Pylon  
  22  2:05  Probe  
  23  2:12  Adept (Chrono Boost)  
  25  2:18  Probe  
  25  2:20  Stargate  
  26  2:30  Probe (Chrono Boost)  
  26  2:33  Adept (Chrono Boost), Warp Gate  
  29  2:40  Probe (Chrono Boost)  
  31  2:48  Probe (Chrono Boost)  
  31  2:49  Probe (Chrono Boost)  
  32  2:54  Probe x2 (Chrono Boost)  
  32  2:55  Adept  
  36  3:05  Oracle (Chrono Boost)  
  36  3:06  Probe x2  
  41  3:12  Pylon  
  41  3:18  Probe x2  
  43  3:30  Probe  
  43  3:32  Gateway  
  43  3:33  Probe  
  45  3:35  Oracle (Chrono Boost)  
  45  3:40  Pylon  
  48  3:42  Probe  
  48  3:45  Probe  
  50  3:54  Probe  
  51  3:59  Nexus  
  51  4:00  Probe  
  52  4:06  Oracle (Chrono Boost)  
  52  4:07  Probe (Chrono Boost)  
  56  4:12  Probe (Chrono Boost)  
  56  4:13  Pylon  
  56  4:15  Assimilator  
  57  4:22  Stalker, Assimilator  
  60  4:26  Probe x2 (Chrono Boost)  
  61  4:31  Probe (Chrono Boost)  
  61  4:33  Probe  
  63  4:42  Probe  
  63  4:44  Twilight Council, Forge  
  63  4:45  Probe  
  65  4:53  Gateway  
  65  4:54  Probe  
  65  4:57  Probe  
  65  4:58  Gateway  
  67  5:00  Adept  
  69  5:10  Probe (Chrono Boost)  
  69  5:11  Probe (Chrono Boost)  
  69  5:12  Probe (Chrono Boost)  
  70  5:18  Shield Battery  
  70  5:20  Gateway  
  70  5:21  Gateway, Probe x2 (Chrono Boost)  
  73  5:22  Probe (Chrono Boost), Sentry  
  73  5:23  Sentry  
  73  5:27  Probe x2  
  77  5:30  Blink  
  77  5:31  Probe  
  80  5:40  Protoss Ground Weapons Level 1 (Chrono Boost)  
  80  5:41  Probe  
  78  5:45  Probe x2  
  78  5:47  Pylon  
  78  5:49  Robotics Facility  
  80  5:53  Assimilator, Probe  
  80  5:56  Sentry x2  
  85  5:57  Assimilator  
  85  5:59  Pylon  
  85  6:05  Probe x3  
  85  6:06  Pylon  
  85  6:09  Gateway  
  85  6:11  Pylon  
  88  6:14  Gateway  
  88  6:16  Gateway  
  88  6:17  Probe x2  
  90  6:21  Probe  
  90  6:23  Stalker x2  
  95  6:27  Pylon  
  95  6:34  Zealot  
  97  6:41  Observer  
  97  6:43  Robotics Bay  
  97  6:45  Robotics Facility, Stalker  
  100  6:51  Stalker x4  
  108  7:00  Pylon  
  108  7:03  Stalker  
  112  7:09  Immortal  
  114  7:20  Nexus  
  114  7:23  Pylon  
  110  7:36  Disruptor (Chrono Boost)  
  110  7:40  Stalker x8  
  110  7:41  Protoss Ground Weapons Level 2  
  127  7:44  Photon Cannon  
  127  7:45  Disruptor (Chrono Boost)  
  127  7:46  Shield Battery  
  130  7:51  Photon Cannon  
  130  7:52  Observer, Charge  
  130  7:53  Probe  
  130  7:56  Probe  
  132  8:05  Probe x2, Disruptor  
  134  8:08  Probe  
  138  8:13  Disruptor  
  138  8:16  Assimilator  
  141  8:20  Assimilator  
  141  8:22  Pylon  
  141  8:25  Pylon  
  141  8:27  Pylon  
  141  8:29  Fleet Beacon  
  141  8:30  Stargate  
  141  8:32  Probe x3  
  142  8:34  Stalker x2  
  142  8:40  Probe  
  141  8:46  Stalker x4  
  143  8:54  Probe  
  138  8:58  Photon Cannon  
  138  8:59  Photon Cannon  
  138  9:01  Probe x2  
  138  9:02  Observer, Disruptor x2 (Chrono Boost)  
  146  9:10  Zealot x2  
  146  9:11  Zealot  
  146  9:12  Probe  
  153  9:19  Carrier (Chrono Boost)  
  159  9:25  Carrier (Chrono Boost)  
  165  9:37  Zealot x3  
  161  9:47  Stalker x3  
  161  9:48  Stalker  
  163  9:53  Probe  
  163  9:57  Probe x2  
  151  10:13  Stalker x2, Zealot x6  
  167  10:15  Observer  
  167  10:31  Pylon  
  167  10:34  Pylon  
  167  10:47  Zealot x2  
  181  11:17  Zealot x5  

Tags
 
Add a new tag
Caveats
  • Supply blocks, unpowered buildings, or Contaminate may cause inaccurate times.
  • Supply counts are checked every 10 seconds.